 Dungeon Crawl Stone Soup version 0.22-a0-358-g7563fe7 (webtiles) character file.

445 Kikal the Chiller (level 6, 0/24 HPs)
             Began as a Felid Ice Elementalist on Apr 18, 2018.
             Killed from afar by Blork the orc (10 damage)
             ... with a magic dart
             ... on level 5 of the Dungeon.
             The game lasted 00:20:12 (6783 turns).

Kikal the Chiller (Felid Ice Elementalist)          Turns: 6783, Time: 00:20:13

Health: 0/24       AC:  2    Str:  4    XL:     6   Next: 72%
Magic:  4/11       EV: 18    Int: 19    God:
Gold:   270        SH:  0    Dex: 16    Spells: 4/11 levels left
                                        Lives:  0   Deaths: 1

rFire    + . .     SeeInvis +   (weapon unavailable)
rCold    . . .     Gourm    .   (shield unavailable)
rNeg     . . .     Faith    .   (armour unavailable)
rPois    .         Spirit   .   (helmet unavailable)
rElec    .         Reflect  .   (cloak unavailable)
rCorr    .         Harm     .   (gloves unavailable)
MR       .....                  (boots unavailable)
Stlth    +++.......             (no amulet)
HPRegen  0.08/turn              i - ring of protection from fire
MPRegen  0.12/turn              (no ring)

@: very slightly contaminated, quick
A: very small, no armour, no weapons or thrown items, stealth, claws 1, fangs 3,
see invisible, carnivore, speed 1, shaggy fur 2, slow metabolism 1, sharp paws
a: no special abilities


You were on level 5 of the Dungeon.
You were very full.

You visited 1 branch of the dungeon, and saw 5 of its levels.

You collected 270 gold pieces.

Inventory:

Jewellery
 i - a ring of protection from fire (left paw)
Scrolls
 a - 7 scrolls of identify {unknown}
 d - 4 scrolls of teleportation {unknown}
 e - 2 scrolls of fog {unknown}
 g - 2 scrolls of enchant armour {unknown}
 j - a scroll of blinking {unknown}
 m - a scroll of enchant weapon {unknown}
 n - a scroll of magic mapping {unknown}
 q - a scroll of remove curse {unknown}
Potions
 c - a potion of lignification {unknown}
 f - a potion of curing {unknown}
 h - a potion of heal wounds {unknown}
 k - 3 potions of degeneration {unknown}
 l - a potion of brilliance {unknown}
 o - 2 potions of flight {unknown}
 p - a potion of ambrosia {unknown}
Comestibles
 b - 8 rations


   Skills:
 - Level 2.6 Dodging
 - Level 3.4 Stealth
 + Level 3.2 Spellcasting
 - Level 2.6 Conjurations
 * Level 3.6 Summonings
 + Level 4.6 Ice Magic


You had 4 spell levels left.
You knew the following spells:

 Your Spells              Type           Power        Failure   Level  Hunger
a - Freeze                Ice            ###.         2%          1    None
b - Throw Frost           Conj/Ice       ###...       4%          2    ##.....
c - Summon Ice Beast      Ice/Summ       ###.....     26%         4    ####...


Dungeon Overview and Level Annotations

Branches:
Dungeon (5/15)             Temple (0/1) D:5

Altars:

Annotations:
D:4 exclusion: downstairs
D:5 Blork the orc


Innate Abilities, Weirdness & Mutations

You cannot wear armour.
You are incapable of wielding weapons or throwing items.
Your paws allow you to move quietly. (Stealth)
You have sharp claws.
You have razor-sharp teeth.
You have supernaturally acute eyesight. (SInv)
You are carnivorous and can eat meat at any time.
You cover ground quickly.
You are covered in thick fur. (AC +2)
You have a slow metabolism.
Your sharp claws are effective at attacking unaware monsters.


Message History

You now have 9/11 mp.
Aim: Blork the orc, wielding a battleaxe and wearing a robe (lightly wounded)
The puff of frost hits Blork the orc.
You now have 7/11 mp.
Blork the orc suddenly cheers, as Orcs often do.
Blork the orc points at you and mumbles some strange words.
The magic dart hits you!
There is an open door here.
You take 6 damage, and have 18/24 hp.
MASSIVE DAMAGE!!
Blork the orc miscasts a cantrip.
You miscast Summon Ice Beast.
You are very lightly contaminated with residual magic.
You are caught in a localised spatial distortion.
You take 9 damage, and have 10/24 hp.
MASSIVE DAMAGE!!
You now have 3/11 mp.
There is a stone staircase leading down here.
A crimson imp comes into view. It is wielding a short sword.
The crimson imp shouts!
Blork the orc gestures at you while chanting.
The magic dart hits you!
You die...

...........#....#
...........#....#
...........#....# .#
...........#....# ..#
######...####.######## ###'##
##..##...####.####...####.....#
..........#...................#
..........#............5......#
..........'.o.>.@............>#
..........#............<......#
##...######+####..##.##.##....#
#... ##..###..####### ####
..... ..........# ....
........).# .... ..........#
..... ....##...##
.....##########...##


You could see Blork the orc and a crimson imp.

Vanquished Creatures
  2 ogres
  A scorpion (D:3)
  Natasha (thrice) (D:2)
  4 gnolls (D:4)
  4 adders
  An ooze (D:2)
  4 worms
  A dart slug (D:1)
  4 leopard geckos
  13 orcs
  8 bats
  A giant cockroach (D:2)
  10 goblins
  6 hobgoblins
  11 jackals
  7 kobolds
  2 ball pythons
  2 frilled lizards
  8 rats
92 creatures vanquished.

Notes
Turn   | Place    | Note
-------+----------+-------------------------------------------
     0 | D:1      | Kikal the Felid Ice Elementalist began the quest for the Orb.
     0 | D:1      | Reached XP level 1. HP: 7/7 MP: 4/4
   296 | D:1      | Reached XP level 2. HP: 11/11 MP: 0/6
   355 | D:1      | Learned a level 2 spell: Throw Frost
   554 | D:1      | Reached skill level 3 in Ice Magic
   901 | D:1      | Reached skill level 1 in Conjurations
  1611 | D:1      | Reached XP level 3. HP: 14/14 MP: 2/7
  2059 | D:2      | Noticed Natasha
  2067 | D:2      | Killed Natasha
  2067 | D:2      | Reached XP level 4. HP: 10/18 MP: 1/9
  2383 | D:2      | Noticed Natasha
  2464 | D:2      | Slain by Natasha
  2465 | D:2      | Reached XP level 3. HP: -2/14 MP: 3/8
  2478 | D:2      | Killed Natasha
  2484 | D:2      | Reached XP level 4. HP: 18/18 MP: 2/9
  2552 | D:2      | Noticed Natasha
  2557 | D:2      | Killed Natasha
  2877 | D:2      | Learned a level 4 spell: Summon Ice Beast
  3564 | D:3      | Reached XP level 5. HP: 21/21 MP: 10/10
  3620 | D:3      | Reached skill level 4 in Ice Magic
  4302 | D:3      | Reached skill level 1 in Summonings
  5592 | D:4      | Gained mutation: You are covered in thick fur. (AC +2) [Felid growth]
  5592 | D:4      | Reached XP level 6. HP: 15/24 MP: 0/11
  6173 | D:5      | Entered Level 5 of the Dungeon
  6174 | D:5      | Noticed Blork the orc
  6755 | D:5      | Found a staircase to the Ecumenical Temple.
  6783 | D:5      | Killed from afar by Blork the orc

Vault maps used:
D:1:      nzn_arrival_depleted_hourglass
D:2:      uniq_natasha
D:5:      minmay_temple_entry_grid, first_ration, grunt_tough_drop,
          uniq_blork_the_orc

Skill      XL: |  1  2  3  4  5  6 |
---------------+-------------------+-----
Stealth        | 3 |  3.4
Ice Magic      | 3 4 |  4.6
Conjurations   | 1 2 |  2.6
Spellcasting   | 3 |  3.2
Summonings     | 2 3 |  3.6
Dodging        | |  2.6

Action                   |  1- 3 |  4- 6 || total
-------------------------+-------+-------++-------
Melee: Unarmed           |    46 |    63 ||   109
       Bite              |     3 |     2 ||     5
 Cast: Freeze            |    39 |    38 ||    77
       Throw Frost       |     7 |    96 ||   103
 Stab: Sleeping          |    11 |     9 ||    20
  Eat: Chunk             |    10 |    18 ||    28
Armor: Skin              |     5 |     6 ||    11
Dodge: Dodged            |    57 |    80 ||   137

Table legend:
 A = Spawn XP
 B = Non-spawn XP
 C = Spawn XP percentage of total XP
 D = Spawn monster count
 E = Non-spawn monster count
 F = Spawn count percentage of total count
 G = Total turns spent on level
                    A         B        C        D         E        F      G
               +---------+---------+-------+---------+---------+-------+---------
         Total |       0 |     707 |   0.0 |       0 |      92 |   0.0 |  6783
               +---------+---------+-------+---------+---------+-------+---------
           D:1 |       0 |      43 |   0.0 |       0 |      25 |   0.0 |  1770
           D:2 |       0 |     204 |   0.0 |       0 |      28 |   0.0 |  1760
           D:3 |       0 |     120 |   0.0 |       0 |      24 |   0.0 |  1448
           D:4 |       0 |     213 |   0.0 |       0 |      12 |   0.0 |  1539
           D:5 |       0 |     127 |   0.0 |       0 |       3 |   0.0 |   266
               +---------+---------+-------+---------+---------+-------+---------
